 Dungeon Crawl Stone Soup version 0.20.1-1-g8b1a95d (webtiles) character file.

36 Irenicus the Grave Robber (level 3, -1/28 HPs)
             Began as a Deep Dwarf Necromancer on Nov 6, 2017.
             Slain by a shadow imp (3 damage)
             ... on level 3 of the Dungeon.
             The game lasted 00:04:27 (458 turns).

Irenicus the Grave Robber (Deep Dwarf Necromancer)   Turns: 458, Time: 00:04:28

Health: -1/28      AC:  4    Str: 11    XL:     3   Next: 19%
Magic:  3/5        EV: 12    Int: 16    God:
Gold:   80         SH:  0    Dex: 13    Spells: 1/6 levels left

rFire    . . .     SeeInvis .   (no weapon)
rCold    . . .     Gourm    .   (no shield)
rNeg     . . .     Faith    .   a - +0 robe
rPois    .         Spirit   .   (no helmet)
rElec    .         Reflect  .   (no cloak)
rCorr    .         Harm     .   (no gloves)
MR       .....                  (no boots)
Stlth    ++........             (no amulet)
Regen    0.0/turn               j - +2 ring of protection
MPRegen  0.1/turn               (no ring)

@: non-regenerating, hasted, very quick
A: damage resistance, heal wounds, sense surroundings 1, no regeneration
a: Heal Wounds


You were on level 3 of the Dungeon.
You were not hungry.

You visited 1 branch of the dungeon, and saw 3 of its levels.

You collected 80 gold pieces.

Inventory:

Armour
 a - a +0 robe (worn)
 i - a +0 buckler
Jewellery
 j - a +2 ring of protection (left hand)
Scrolls
 d - a scroll of fog {unknown}
 e - a scroll of teleportation {unknown}
 f - a scroll of enchant weapon {unknown}
 l - a scroll of remove curse {unknown}
Potions
 h - a potion of heal wounds
Books
 b - a book of Necromancy

   Spells                             Type                      Level
   a - Pain                           Necromancy                   1
   b - Animate Skeleton               Necromancy                   1
   c - Vampiric Draining              Necromancy                   3
   d - Regeneration                   Charms/Necromancy            3
   e - Animate Dead                   Necromancy                   4
   f - Control Undead                 Necromancy                   4
Comestibles
 c - 2 bread rations
 g - a meat ration


   Skills:
 - Level 2.1 Dodging
 - Level 2.4 Stealth
 - Level 2.0 Spellcasting
 + Level 5.4 Necromancy


You had one spell level left.
You knew the following spells:

 Your Spells              Type           Power        Failure   Level  Hunger
a - Pain                  Necr           ###.         2%          1    #......
b - Animate Skeleton      Necr           N/A          2%          1    #......
e - Vampiric Draining     Necr           ###.......   7%          3    ###....


Dungeon Overview and Level Annotations

Branches:
Dungeon (3/15)

Altars:
Kikubaaqudgha


Innate Abilities, Weirdness & Mutations

You are resistant to damage.
You can heal yourself by infusing magical energy.
You passively map a small area around you.
You do not regenerate.


Message History

You hit the shadow imp but do no damage.
The shadow imp is moderately wounded.
The shadow imp hits you.
* * * LOW HITPOINT WARNING * * *
The ooze misses you.
You barely miss the shadow imp.
The shadow imp is moderately wounded.
You barely miss the shadow imp.
The shadow imp is moderately wounded.
The shadow imp completely misses you. The ooze hits you but does no damage.
You hit the shadow imp but do no damage.
The shadow imp is moderately wounded.
The shadow imp barely misses you.
You closely miss the shadow imp.
The shadow imp is moderately wounded.
The ooze misses you.
You barely miss the shadow imp.
The shadow imp is moderately wounded.
The shadow imp hits you.
You die...

. , * , , , , **
.#.# , * *** .#...
* , , ,, ...#* * *
, * *#... ####
####,* ,
#./#*##..###.o##
##..###.#.o#..#J##
*
###.o5J..#.o#..#@#
,
o.o.g###..#..#g5##
.<....##...#.ow##
#.....########## ,
, ......?... , * ,
.#.g...### , ** *
....#..# * * ,
..#(##..# * ,
..#.. ....* * *


You could see a worm, an ooze, a shadow imp, 2 orcs and a goblin.

Vanquished Creatures
  An ooze (D:1)
  2 dart slugs (D:1)
  7 bats
  3 goblins
  3 hobgoblins (D:1)
  A jackal (D:2)
  A frilled lizard (D:3)
  A kobold (D:2)
  5 rats (D:1)
24 creatures vanquished.

Vanquished Creatures (collateral kills)
  A giant cockroach (D:1)
  A kobold (D:1)
  A rat (D:1)
3 creatures vanquished.

Grand Total: 27 creatures vanquished

Notes
Turn   | Place    | Note
-------+----------+-------------------------------------------
     0 | D:1      | Irenicus the Deep Dwarf Necromancer began the quest for the Orb.
     0 | D:1      | Reached XP level 1. HP: 15/15 MP: 3/3
    61 | D:1      | Learned a level 1 spell: Animate Skeleton
   119 | D:1      | Reached XP level 2. HP: 14/22 MP: 0/5
   175 | D:1      | Reached skill level 5 in Necromancy
   302 | D:1      | Reached XP level 3. HP: 8/28 MP: 0/6
   337 | D:2      | Learned a level 3 spell: Vampiric Draining
   428 | D:3      | Found an ancient bone altar of Kikubaaqudgha.
   458 | D:3      | Slain by a shadow imp

Skill      XL: |  1  2 |
---------------+-------+-----
Spellcasting   | 2 |  2.0
Necromancy     | 5 |  5.4
Dodging        | |  2.1
Stealth        | |  2.4

Action                   || total
-------------------------++-------
Melee: Unarmed           ||    75
 Cast: Pain              ||    30
       Animate Skeleton  ||     1
       Vampiric Draining ||     2
 Abil: Heal Wounds       ||     1
  Use: Potion            ||     2
Armor: Robe              ||    38
Dodge: Dodged            ||    81
